 Dungeon Crawl Stone Soup version 0.29.1-14-g9c671dbff4 (webtiles) character file.

Game seed: 8853186385873518223

353373 nightchill the Slayer (level 20, -7/180 (212) HPs)
             Began as a Minotaur Fighter on Feb 17, 2023.
             Was the Champion of Jiyva.
             Killed from afar by a shadow dragon (26 damage)
             ... with a bolt of negative energy
             ... on level 3 of the Depths.
             The game lasted 02:14:37 (36377 turns).

nightchill the Slayer (Minotaur Fighter)           Turns: 36377, Time: 02:14:37

HP:   -7/180 (212)  AC: 22    Str: 38    XL:     20   Next: 98%
MP:   19/19         EV: 12    Int:  4    God:    Jiyva [******]
Gold: 481           SH: 23    Dex: 14    Spells: 19/19 levels left

rFire   + + +      SeeInvis +   a - +1 broad axe (drain)
rCold   + + .      Faith    .   C - +1 tower shield
rNeg    . . .      Spirit   .   c - +0 storm dragon scales
rPois   .          Reflect  .   (helmet unavailable)
rElec   +          Harm     .   y - scarf {rC+ rF+}
rCorr   +          Rampage  .   f - +2 pair of gloves
Will    +....      Clarity  +   S - +1 pair of boots {Stlth+}
Stlth   ..........              L - amulet of the Endless Expanse {Acrobat rF++ Dex+5}
HPRegen 2.00/turn               F - ring "Ele Opn" {rF+ Str+9 Dex-5 SInv}
MPRegen 0.66/turn               E - ring of protection from cold

@: constricted, heavily drained
A: horns 3, retaliatory headbutt, iridescent scales 2, agile 1, clarity, wild
magic 1, eyeballs 1, pseudopods 3, MP-powered wands, engulf
}: 3/15 runes: barnacled, slimy, gossamer
a: Renounce Religion, Oozemancy, Slimify


You were on level 3 of the Depths.
You worshipped Jiyva.
Jiyva was exalted by your worship.
You visited 9 branches of the dungeon, and saw 43 of its levels.
You visited 1 bazaar.
You also visited: Sewer.

You collected 3154 gold pieces.
You spent 2673 gold pieces at shops.

Inventory:

Hand Weapons
 a - a +1 broad axe of draining (weapon)
 w - a +2 morningstar of holy wrath
 I - a +0 broad axe of freezing
Missiles
 b - 3 curare-tipped darts
 m - 7 throwing nets (quivered)
 O - 10 silver javelins
Armour
 c - +0 storm dragon scales (worn)
 d - a +2 chain mail of fire resistance
 f - a +2 pair of gloves (worn)
 y - a scarf of resistance (worn)
 C - a +1 tower shield (worn)
 K - a +2 hat
 S - a +1 pair of boots of stealth (worn)
 U - a +2 kite shield
Jewellery
 i - a ring of flight
 E - a ring of protection from cold (right hand)
 F - the ring "Ele Opn" (left hand) {rF+ Str+9 Dex-5 SInv}
   (You found it on level 7 of the Dungeon)

   [ring of protection from fire]

   Str:       It affects your strength (+9).
   Dex:       It affects your dexterity (-5).
   rF:        It protects you from fire.
   SInv:      It lets you see invisible.
 L - the amulet of the Endless Expanse (around neck) {Acrobat rF++ Dex+5}
   (You found it on level 9 of the Dungeon)

   [amulet of the acrobat]

   It increases your evasion while moving and waiting.
   Dex:       It affects your dexterity (+5).
   rF:        It greatly protects you from fire.
 N - the amulet of Ryovydi {Acrobat +Blink Str+2}
   (You bought it in a shop on level 1 of the Depths)

   [amulet of the acrobat]

   It increases your evasion while moving and waiting.
   Str:       It affects your strength (+2).
   +Blink:    It lets you blink.
 T - a ring of poison resistance
 W - a ring of positive energy
Wands
 l - a wand of iceblast (10)
 z - a wand of charming (16)
 G - a wand of digging (12)
 V - a wand of mindburst (21)
Scrolls
 g - 2 scrolls of butterflies
 o - 3 scrolls of noise
 q - 2 scrolls of magic mapping
 t - 4 scrolls of enchant weapon
 u - 2 scrolls of summoning
 v - 2 scrolls of fear
 x - 2 scrolls of silence
 A - 7 scrolls of poison
 D - a scroll of brand weapon
 J - 5 scrolls of enchant armour
 M - a scroll of immolation
 P - 2 scrolls of vulnerability
 X - 9 scrolls of teleportation
Potions
 e - a potion of cancellation
 h - 10 potions of curing
 j - a potion of invisibility
 k - 2 potions of lignification
 n - 4 potions of haste
 p - 5 potions of berserk rage
 r - 7 potions of heal wounds
 B - 4 potions of resistance
 H - 3 potions of might
 Q - 2 potions of mutation
 R - 5 potions of ambrosia
Miscellaneous
 s - a tin of tremorstones (2/2)
 Y - a phantom mirror


   Skills:
 + Level 25.7 Fighting
 - Level 18.0 Axes
 * Level 15.3 Armour
 + Level 13.0 Dodging
 - Level 21.7 Shields
 - Level 13.7 Evocations


You had 19 spell levels left.
You didn't know any spells.
Your spell library contained the following spells:

 Spells                   Type           Power      Damage    Failure   Level
 Apportation              Tloc           0%         N/A       97%         1
 Beastly Appendage        Tmut           0%         N/A       97%         1
 Freeze                   Ice            0%         1d3       97%         1
 Necrotise                Necr           0%         1d4       97%         1
 Slow                     Hex            0%         N/A       97%         1
 Summon Small Mammal      Summ           0%         N/A       97%         1
 Blink                    Tloc           0%         N/A       99%         2
 Ensorcelled Hibernation  Hex/Ice        0%         N/A       99%         2
 Searing Ray              Conj           0%         2d4       99%         2
 Sublimation of Blood     Necr           0%         N/A       99%         2
 Wereblood                Tmut           0%         N/A       99%         2
 Confusing Touch          Hex            0%         N/A       100%        3
 Dazzling Flash           Conj/Hex       0%         N/A       100%        3
 Frozen Ramparts          Ice            0%         1d1       100%        3
 Gell's Gravitas          Tloc           0%         N/A       100%        3
 Inner Flame              Hex/Fire       0%         N/A       100%        3
 Lesser Beckoning         Tloc           0%         N/A       100%        3
 Spider Form              Tmut/Pois      0%         N/A       100%        3
 Stone Arrow              Conj/Erth      0%         3d7       100%        3
 Teleport Other           Tloc           0%         N/A       100%        3
 Tukima's Dance           Hex            0%         N/A       100%        3
 Vampiric Draining        Necr           0%         2d6       100%        3
 Animate Armour           Summ/Erth      0%         N/A       100%        4
 Cause Fear               Hex            0%         N/A       100%        4
 Hailstorm                Conj/Ice       0%         3d3       100%        4
 Ice Form                 Ice/Tmut       0%         N/A       100%        4
 Olgreb's Toxic Radiance  Pois           0%         N/A       100%        4
 Petrify                  Tmut/Erth      0%         N/A       100%        4
 Summon Ice Beast         Ice/Summ       0%         N/A       100%        4
 Summon Lightning Spire   Summ/Air       0%         N/A       100%        4
 Blade Hands              Tmut           0%         N/A       100%        5
 Freezing Cloud           Conj/Ice/Air   0%         6-21      100%        5
 Irradiate                Conj/Tmut      0%         3d11      100%        5
 Manifold Assault         Tloc           0%         N/A       100%        5
 Silence                  Hex/Air        0%         N/A       100%        5
 Yara's Violent Unravell  Hex/Tmut       0%         3d3       100%        5
 Conjure Ball Lightning   Conj/Air       0%         3x3d6     100%        6
 Simulacrum               Ice/Necr       0%         N/A       100%        6
 Starburst                Conj/Fire      0%         6d3       100%        6
 Dragon Form              Tmut           0%         N/A       100%        7
 Orb of Destruction       Conj           0%         9d5       100%        7
 Ozocubu's Refrigeration  Ice            0%         4d7       100%        7
 Spellforged Servitor     Conj/Summ      0%         N/A       100%        7
 Storm Form               Tmut/Air       0%         N/A       100%        7
 Discord                  Hex            0%         N/A       100%        8
 Ignition                 Fire           0%         3d3       100%        8
 Maxwell's Capacitive Co  Air            0%         ∞         100%        8
 Chain Lightning          Conj/Air       0%         N/A       100%        9
 Fire Storm               Conj/Fire      0%         5d1       100%        9
 Polar Vortex             Ice            0%         N/A       100%        9
 Shatter                  Erth           0%         3d5*      100%        9


Dungeon Overview and Level Annotations

Branches:
Dungeon (15/15)            Temple (1/1) D:7            Lair (5/5) D:11
 Shoals (4/4) Lair:2       Spider (4/4) Lair:3        Slime (5/5) Lair:5
    Orc (2/2) D:10            Elf (0/3) Orc:2        Vaults (4/5) D:14
  Crypt (0/3) Vaults:2     Depths (3/4) D:15          Sewer (visited)

Altars:
Ashenzari
Cheibriados
Dithmenos
Elyvilon
Fedhas
Gozag
Hepliaklqana
Kikubaaqudgha
Makhleb
Nemelex Xobeh
Okawaru
Qazlal
Ru
Sif Muna
Trog
Uskayaw
Vehumet
Wu Jian
Xom
Yredelemnul
Zin
The Shining One
Jiyva

Shops:
D:4 (   D:6 [   D:11 *   D:13 *   Orc:1 !   Orc:2 :([*   Shoals:2 ![
Shoals:4 *   Vaults:4 *   Depths:1 :(*

Portals:
Hell: Depths:1 Depths:2 Depths:3
Abyss: Depths:3
Pandemonium: Depths:1 Depths:2 Depths:3
Ziggurat: Depths:3

Annotations:
D:9 1 transporter, ponobo's ghost, novice MiBe
D:10 exclusions: electric eel and 1 more exclusion
Lair:5 2 transporters, DrBigBum's ghost, journeyman GrEE
Shoals:1 exclusion: downstairs, Roxanne
Spider:2 2 transporters, Zaerenk's ghost, adept MiBe
Slime:5 Royal Jelly
Vaults:4 !relec needed
Vaults:5 !careful
Depths:3 exclusion: door


Innate Abilities, Weirdness & Mutations

You have a pair of large horns on your head.
You reflexively headbutt those who attack you in melee.
You are mostly covered in iridescent scales. (AC +4)
You are agile. (Dex +4, Str/Int -1)
You possess an exceptional clarity of mind.
Your spells are a little harder to cast, but a little more powerful.
Your body has grown eyes which may confuse attackers. (Acc +3)
Armour fits poorly on your massive pseudopods.
You expend magic power (3 MP) to strengthen your wands.
Your melee attacks may engulf your foes in ooze.


Message History

You feel drained.
* * * LOW HITPOINT WARNING * * *
You block the golden dragon's attack. x2
The golden dragon tramples you but does no damage.
You block the tentacled monstrosity's attack.
The tentacled monstrosity tentacle-slaps you but does no damage.
You block the tentacled monstrosity's attack.
The tentacled monstrosity constricts you.
* * * LOW HITPOINT WARNING * * *
The shadow dragon bites you but does no damage.
The shadow dragon claws you but does no damage. x2
You slice the shadow dragon!!
You kill the shadow dragon!
You slice the golden dragon!! You slash the tentacled monstrosity!
You block the golden dragon's attack. The golden dragon claws you!
* * * LOW HITPOINT WARNING * * *
You block the golden dragon's attack.
You block the tentacled monstrosity's attack.
The tentacled monstrosity misses you.
The tentacled monstrosity tentacle-slaps you but does no damage.
The tentacled monstrosity constricts you.
* * * LOW HITPOINT WARNING * * *
The shadow dragon breathes negative energy at you.
The bolt of negative energy hits you!!!
You feel drained.
* * * LOW HITPOINT WARNING * * *
Blink to where?
Press: ? - help, Dir - move target The tentacled monstrosity's grasp on you weakens, but your attempt to escape fails.
As you read the scroll of blinking, it crumbles to dust.
You block the golden dragon's attack. The golden dragon closely misses you.
You block the golden dragon's attack.
The tentacled monstrosity tentacle-slaps you!
* * * LOW HITPOINT WARNING * * *
The tentacled monstrosity misses you.
The tentacled monstrosity tentacle-slaps you but does no damage.
The tentacled monstrosity constricts you.
* * * LOW HITPOINT WARNING * * *
The shadow dragon breathes negative energy at you.
The bolt of negative energy hits you!!
You feel drained.
You die...

..........### ##.##.#.#.#...##.#
........#######.####.#.#.#...#.##
......###......## #.#.#.#.#..#...
....####...####.####.#.#.#...#...
..### D#.....###.##.#.#.#....#.##
### #;#......##.##.#.......#.## #
#.* #.....#..#........#...
#...###.D.............#... #
#.s..#..†@...........^#.## ###
#....D.X.#†.##.......#.## ..###
#.......###...........#...
....####.....###..#.######...#...
###...###..###..###..........#.##
# ###...####..###...######.#.#.##
# ###...###....#...........#.## #
##....###.##..##...#.###.##
#######...#...###....#.#.##..#.##


You could see a shadow dragon (catching breath), a tentacled monstrosity and a
golden dragon (drained).

Vanquished Creatures
  Vv (Depths:3)
  Margery (Depths:3)
  A golden dragon (Depths:3)
  A lich (Depths:2)
  A titan (Depths:1)
  A walking divine tome (Depths:3)
  2 sphinxes
  Gastronok (D:9)
  A tengu reaver (Depths:3)
  A kraken (Shoals:4)
  A storm dragon (Depths:3)
  2 shadow dragons (Depths:3)
  Donald (Shoals:1)
  6 fire giants
  3 frost giants
  3 emperor scorpions
  A cacodemon (Depths:3)
  2 orc warlords
  9 vault wardens
  Aizul (Depths:1)
  6 ghost moths
  13 ironbound preservers
  A reaper (Depths:1)
  2 spectral caustic shrikes (Depths:2)
  2 war gargoyles
  4 broodmothers
  10 very ugly things
  7 ironbound thunderhulks
  8 stone giants
  2 vampire knights
  A dire elephant (Lair:5)
  7 spark wasps
  2 entropy weavers (Spider:2)
  3 eidola (Depths:2)
  Snorg (Lair:3)
  A deep elf death mage (Depths:2)
  4 crystal guardians
  5 merfolk javelineers
  2 fire dragons (Depths:1)
  Josephine (Lair:3)
  10 merfolk impalers
  2 ettins
  3 jiangshi (Depths:2)
  6 yaktaur captains
  3 hell beasts (Depths:2)
  3 peacekeepers
  3 vault guards
  A rakshasa (Depths:1)
  2 spectral golden dragons (Depths:2)
  6 boulder beetles
  A spriggan air mage (Depths:2)
  5 ice dragons
  2 catoblepae
  A caustic shrike simulacrum (Depths:2)
  Erolcha (D:13)
  9 hydras
  3 juggernaut simulacra (Depths:2)
  7 merfolk aquamancers
  An alligator snapping turtle (Shoals:4)
  A radroach (Spider:3)
  11 ironbound frosthearts
  11 centaur warriors
  3 merfolk avatars
  4 two-headed ogres
  3 jorogumos
  4 deep troll earth magi
  15 death yaks
  An orc high priest (Orc:2)
  8 deep troll shamans
  3 spriggan berserkers
  2 titan zombies
  A tengu warrior (D:15)
  3 vampire magi (Depths:2)
  A soul eater (Depths:1)
  8 hell knights (Depths:3)
  2 spriggans (Depths:3)
  Urug (D:12)
  Nergalle (Orc:1)
  A death drake (shapeshifter) (D:8)
  6 iron trolls
  3 shadow wraiths
  A sixfirhy (Depths:1)
  3 pharaoh ants
  Lodul (D:10)
  45 deep trolls
  11 sea snakes
  A golden dragon zombie (Depths:3)
  A sun moth (Spider:1)
  A flayed ghost (Depths:2)
  4 steelbarb worms
  5 orb spiders
  13 lindwurms
  Pikel (D:6)
  5 phantasmal warriors
  16 ironbound convokers
  2 deep elf pyromancers
  8 necromancers
  11 orc knights
  7 wizards
  23 harpies
  23 wolf spiders
  3 orc sorcerers
  2 deep elf zephyrmancers (D:12)
  A wolf spider (shapeshifter) (Depths:3)
  A fire giant zombie (Vaults:4)
  4 fauns
  37 ugly things
  A human zombie (Vaults:4)
  3 moths of wrath (Spider:4)
  6 cyclopes
  A stone giant zombie (Vaults:4)
  18 manticores
  2 human skeletons
  12 merfolk sirens
  Maurice (Orc:1)
  A guardian serpent (shapeshifter) (D:14)
  A rust devil (Depths:3)
  8 water nymphs
  6 black mambas
  8 cane toads
  A smoke demon (Depths:3)
  A gargoyle (D:12)
  2 spriggan zombies (Depths:2)
  8 vault sentinels
  An orange demon (Depths:3)
  A kobold demonologist (D:11)
  An unseen horror (shapeshifter) (D:14)
  A tormentor (Depths:2)
  4 demonic crawlers
  4 freezing wraiths (Depths:2)
  13 yaktaurs
  9 rime drakes
  13 komodo dragons
  2 golden dragon simulacra (Depths:2)
  A tengu conjurer (Depths:1)
  2 ice devils
  2 red devils
  35 merfolk
  A yaktaur skeleton (Vaults:4)
  7 trolls
  4 meliai
  A shadow dragon simulacrum (Depths:3)
  A polar bear (Lair:4)
  2 hornets (Depths:3)
  7 wind drakes
  18 blink frogs
  22 tarantellas
  21 dream sheep
  A raiju (shapeshifter) (Depths:3)
  A frost giant simulacrum (Vaults:4)
  10 snapping turtles
  Grinder (D:3)
  A fire giant simulacrum (Vaults:4)
  Sigmund (D:6)
  An ettin zombie (Vaults:4)
  23 jumping spiders
  3 flying skulls (Depths:2)
  A centaur simulacrum (D:13)
  A shadow (D:12)
  7 water elementals
  2 ettin skeletons
  7 wraiths
  57 yaks
  21 culicivoras
  6 wyverns
  5 basilisks
  15 humans
  A ynoxinul (Depths:2)
  3 steam dragons
  A chaos spawn (Depths:2)
  11 vampire mosquitoes
  49 redbacks
  Menkaure (D:6)
  2 wargs
  A glowing shapeshifter zombie (Depths:2)
  Duvessa (D:6)
  12 water moccasins
  A glowing shapeshifter skeleton (Vaults:4)
  30 orc warriors
  3 ice beasts
  3 sky beasts (D:6)
  2 black bears (D:11)
  14 boggarts
  17 wolves
  13 ogres
  4 centaurs
  A lemure (D:6)
  3 kobold brigands
  A phantom (D:6)
  19 bullfrogs
  A gnoll sergeant (Orc:1)
  4 scorpions
  A glowing shapeshifter simulacrum (Vaults:4)
  A necrophage (D:8)
  A human simulacrum (Vaults:4)
  Dowan (D:6)
  6 killer bees (D:7)
  4 electric eels
  3 howler monkeys
  2 hounds
  16 orc priests
  An iguana (D:5)
  21 orc wizards
  A hell rat (Sewer)
  A boggart simulacrum (D:14)
  8 gnolls
  2 adders (D:5)
  2 river rats (Sewer)
  2 shadow imps
  A white imp (D:8)
  An ufetubus (D:4)
  A worm (D:3)
  A dart slug (D:1)
  67 orcs
  3 bats
  3 endoplasms
  5 giant cockroaches
  6 goblins
  5 hobgoblins
  4 quokkas
  3 training dummies (D:4)
  5 ball pythons
  5 frilled lizards
  13 kobolds
  12 rats
  2 plants (Shoals:4)
  A tentacle (Shoals:4)
1340 creatures vanquished.

Vanquished Creatures (collateral kills)
  A deep troll (Vaults:2)
  An orb spider (Spider:2)
  An ironbound convoker (Vaults:2)
  A necromancer (Depths:3)
  An orc sorcerer (Vaults:2)
  A troll (D:11)
  A redback (Spider:2)
  An orc warrior (Orc:2)
  A bullfrog (D:11)
9 creatures vanquished.

Vanquished Creatures (others)
  An acid blob (Vaults:1)
  2 azure jellies
  A fire giant (Depths:1)
  A ghost moth (Spider:4)
  An ironbound preserver (Vaults:1)
  An ironbound thunderhulk (Vaults:1)
  2 fire dragons (Depths:3)
  2 great orbs of eyes
  A merfolk impaler (Shoals:2)
  A peacekeeper (Vaults:3)
  A death knight (Vaults:2)
  3 hell knights (Depths:3)
  3 glowing orange brains
  A wolf spider (Spider:4)
  3 necromancers
  An ironbound convoker (Vaults:3)
  An orc knight (Vaults:1)
  4 harpies
  An orc sorcerer (Vaults:1)
  A manticore (shapeshifter) (Depths:1)
  5 lindwurms
  A black mamba (Lair:5)
  A merfolk siren (Shoals:1)
  A torpor snail (Spider:4)
  2 kobold demonologists
  26 slime creatures
  A merfolk (Shoals:4)
  A dream sheep (Lair:4)
  A wraith (Vaults:2)
  A basilisk (Lair:5)
  A glowing shapeshifter zombie (Depths:3)
  3 water moccasins
  An orc warrior (Orc:2)
  A boggart (Vaults:2)
  A centaur (D:5)
  A wolf (Lair:5)
  3 bullfrogs
  A killer bee (D:8)
  An electric eel (D:10)
  2 howler monkeys
  145 jellies
  An orc priest (D:4)
  3 orc wizards
  3 shadow imps
  A dart slug (D:3)
  7 orcs
  A ball python (D:4)
  5 endoplasms
  3 jackals (D:3)
  A quokka (D:3)
  A bat (D:1)
  3 kobolds
  113 fungi
  168 plants
  7 tentacles (Shoals:4)
  5 withered plants (Depths:2)
554 creatures vanquished.

Grand Total: 1903 creatures vanquished

Notes
Turn   | Place    | Note
-------+----------+-------------------------------------------
     0 | D:1      | nightchill the Minotaur Fighter began the quest for the
                  | Orb.
     0 | D:1      | Reached XP level 1. HP: 19/19 MP: 0/0
   197 | D:1      | You fall into a shaft and drop 1 floor!
   347 | D:1      | Reached XP level 2. HP: 27/27 MP: 1/1
   432 | D:1      | Reached skill level 4 in Fighting
   844 | D:1      | Found a faded altar of an unknown god.
   991 | D:1      | Prayed at the altar of an unknown god.
   991 | D:1      | Became a worshipper of Jiyva Jusits the Shapeless
   991 | D:1      | Reached * piety under Jiyva
  1243 | D:1      | Reached XP level 3. HP: 23/33 MP: 2/2
  1781 | D:3      | Noticed Grinder
  1792 | D:3      | Killed Grinder
  1793 | D:3      | Reached skill level 5 in Fighting
  1793 | D:3      | Reached XP level 4. HP: 25/42 MP: 3/3
  1793 | D:3      | Reached XP level 5. HP: 29/48 MP: 4/4
  1827 | D:3      | Reached ** piety under Jiyva
  2538 | D:4      | Reached *** piety under Jiyva
  2538 | D:4      | Gained mutation: Your flesh is heat resistant. (rF+)
                  | [Jiyva's grace]
  2538 | D:4      | Gained mutation: Your flesh is very heat resistant. (rF++)
                  | [Jiyva's grace]
  2538 | D:4      | Gained mutation: Your flesh is almost immune to the effects
                  | of heat. (rF+++) [Jiyva's grace]
  2538 | D:4      | Gained mutation: Your spells are a little harder to cast,
                  | but a little more powerful. [Jiyva's grace]
  2541 | D:4      | Found Dizorchaly's Firing Range.
  2604 | D:4      | Reached XP level 6. HP: 51/56 MP: 5/5
  3068 | D:5      | Entered Level 5 of the Dungeon
  3206 | D:5      | Reached **** piety under Jiyva
  3524 | D:5      | Reached skill level 6 in Fighting
  3566 | D:5      | Reached ***** piety under Jiyva
  3748 | D:6      | Noticed a sky beast
  3751 | D:6      | Killed a sky beast
  3752 | D:6      | Reached XP level 7. HP: 63/63 MP: 6/6
  3820 | D:6      | Found a sacrificial altar of Ru.
  3821 | D:6      | Found an ornate altar of the Wu Jian Council.
  3823 | D:6      | Found a glowing drain.
  3830 | D:6      | Lost mutation: Your spells are a little harder to cast, but
                  | a little more powerful. [Jiyva's grace]
  3830 | D:6      | Gained mutation: You expend magic power (3 MP) to
                  | strengthen your wands. [Jiyva's grace]
  3830 | D:6      | Gained mutation: You are partially covered in iridescent
                  | scales. (AC +2) [Jiyva's grace]
  3830 | D:6      | Gained mutation: You are mostly covered in iridescent
                  | scales. (AC +4) [Jiyva's grace]
  3830 | D:6      | Gained mutation: You are completely covered in iridescent
                  | scales. (AC +6) [Jiyva's grace]
  3834 | Sewer    | Entered a sewer
  4046 | D:6      | Reached skill level 7 in Fighting
  4080 | D:6      | Noticed Pikel
  4091 | D:6      | Killed Pikel
  4092 | D:6      | Reached skill level 10 in Axes
  4092 | D:6      | Reached XP level 8. HP: 73/74 MP: 7/7
  4102 | D:6      | Noticed Sigmund
  4108 | D:6      | Reached skill level 8 in Fighting
  4131 | D:6      | Killed Sigmund
  4180 | D:6      | Noticed Duvessa
  4184 | D:6      | Noticed Dowan
  4193 | D:6      | Killed Duvessa
  4195 | D:6      | Killed Dowan
  4198 | D:6      | Found Hieduitt's Antique Armour Shoppe.
  4203 | D:6      | Reached skill level 9 in Fighting
  4203 | D:6      | Reached XP level 9. HP: 83/83 MP: 8/8
  4230 | D:6      | Noticed Menkaure
  4243 | D:6      | Killed Menkaure
  4681 | D:7      | Identified the ring "Ele Opn" {rF+ Str+9 Dex-5 SInv}
  4686 | D:7      | Found a staircase to the Ecumenical Temple.
  4755 | D:7      | Reached skill level 10 in Fighting
  5243 | Temple   | Entered the Ecumenical Temple
  5783 | D:8      | Reached XP level 10. HP: 94/94 MP: 9/9
  5997 | D:8      | Noticed a two-headed ogre
  6003 | D:8      | Killed a two-headed ogre
  6004 | D:8      | Reached skill level 11 in Fighting
  6023 | D:8      | Noticed a death drake
  6040 | D:8      | Killed a death drake
  6041 | D:8      | Reached skill level 15 in Axes
  6525 | D:9      | Noticed Gastronok
  6546 | D:9      | Killed Gastronok
  6547 | D:9      | Reached skill level 12 in Fighting
  6571 | D:9      | Identified the amulet of the Endless Expanse {Acrobat rF++
                  | Dex+5}
  6613 | D:9      | Noticed ponobo's ghost (novice MiBe)
  6615 | D:9      | Noticed a two-headed ogre
  6616 | D:9      | Identified the +8 great mace of Zin's Wrath {flame, Fly}
  6616 | D:9      | Noticed a two-headed ogre
  6616 | D:9      | Noticed a two-headed ogre
  6618 | D:9      | Found a transporter.
  6618 | D:9      | Noticed a two-headed ogre
  6633 | D:9      | Reached ****** piety under Jiyva
  6720 | D:9      | Lost mutation: Your flesh is almost immune to the effects
                  | of heat. (rF+++) [Jiyva's grace]
  6720 | D:9      | Gained mutation: You are strong-willed. (Will+) [Jiyva's
                  | grace]
  6720 | D:9      | Gained mutation: You are highly strong-willed. (Will++)
                  | [Jiyva's grace]
  6720 | D:9      | Gained mutation: You are extremely strong-willed. (Will+++)
                  | [Jiyva's grace]
  6720 | D:9      | Gained mutation: You have a small jelly attached to you
                  | that senses nearby items. [Jiyva's grace]
  6760 | D:9      | Reached XP level 11. HP: 100/104 MP: 10/10
  6866 | D:10     | Entered Level 10 of the Dungeon
  7587 | D:10     | Found a staircase to the Orcish Mines.
  7890 | Orc:1    | Entered Level 1 of the Orcish Mines
  8003 | Orc:1    | Found Laju's Distillery.
  8081 | Orc:1    | Noticed Maurice
  8121 | Orc:1    | Killed Maurice
  8131 | Orc:1    | Noticed Nergalle
  8142 | Orc:1    | Killed Nergalle
  8143 | Orc:1    | Reached skill level 13 in Fighting
  8243 | Orc:2    | Entered Level 2 of the Orcish Mines
  8304 | Orc:2    | Found a staircase to the Elven Halls.
  8360 | Orc:2    | Noticed an orc warlord
  8395 | Orc:2    | Killed an orc warlord
  8444 | Orc:2    | Noticed an orc sorcerer
  8473 | Orc:2    | Killed an orc sorcerer
  8525 | Orc:2    | Reached skill level 14 in Fighting
  8529 | Orc:2    | Noticed an orc knight
  8549 | Orc:2    | Killed an orc knight
  8566 | Orc:2    | Noticed an orc knight
  8598 | Orc:2    | Killed an orc knight
  8608 | Orc:2    | Noticed an orc sorcerer
  8611 | Orc:2    | Noticed an orc high priest
  8617 | Orc:2    | Noticed a sixfirhy
  8617 | Orc:2    | Noticed a soul eater
  8620 | Orc:2    | Killed an orc sorcerer
  8621 | Orc:2    | Reached XP level 12. HP: 107/118 MP: 11/11
  8630 | Orc:2    | Killed an orc high priest
  8631 | Orc:2    | Reached skill level 15 in Fighting
  8673 | Orc:2    | Found Emyj's Book Shop.
  8721 | Orc:2    | Found Curghoigg's Antique Armour Shop.
  8738 | Orc:2    | Found Dawoele's General Store.
  8753 | Orc:2    | Found Nuuzentu's Antique Weapon Shop.
  9157 | Orc:2    | Lost mutation: You are completely covered in iridescent
                  | scales. (AC +6) [Jiyva's grace]
  9157 | Orc:2    | Lost mutation: You are mostly covered in iridescent scales.
                  | (AC +4) [Jiyva's grace]
  9157 | Orc:2    | Lost mutation: Your flesh is very heat resistant. (rF++)
                  | [Jiyva's grace]
  9157 | Orc:2    | Lost mutation: You are extremely strong-willed. (Will+++)
                  | [Jiyva's grace]
  9157 | Orc:2    | Lost mutation: You expend magic power (3 MP) to strengthen
                  | your wands. [Jiyva's grace]
  9157 | Orc:2    | Gained mutation: You have a pair of large horns on your
                  | head. [Jiyva's grace]
  9157 | Orc:2    | Gained mutation: Your spells are a little harder to cast,
                  | but a little more powerful. [Jiyva's grace]
  9157 | Orc:2    | Gained mutation: Your spells are harder to cast, but more
                  | powerful. [Jiyva's grace]
  9157 | Orc:2    | Gained mutation: Your spells are much harder to cast, but
                  | much more powerful. [Jiyva's grace]
  9258 | Orc:2    | Bought a scroll of brand weapon for 114 gold pieces
  9291 | Orc:2    | Bought a pair of encrusted gloves for 332 gold pieces
  9291 | Orc:2    | Identified the +0 pair of gloves "Eloud" {Stlth+} (You
                  | bought it in a shop on level 2 of the Orcish Mines)
  9358 | Orc:1    | Bought 2 potions of curing for 72 gold pieces
  9358 | Orc:1    | Bought a potion of haste for 120 gold pieces
  9358 | Orc:1    | Bought a potion of haste for 120 gold pieces
  9358 | Orc:1    | Bought a potion of heal wounds for 60 gold pieces
  9437 | D:11     | Found Tovuizoi's Assorted Antiques.
  9482 | D:11     | Noticed a six-headed hydra
  9497 | D:11     | Slimified a nine-headed hydra
  9497 | D:11     | a nine-headed hydra changed into a slime creature
  9535 | D:11     | Found a staircase to the Lair.
  9537 | D:11     | Noticed Lodul
  9571 | D:10     | Killed Lodul
  9583 | D:11     | Reached skill level 16 in Fighting
  9673 | D:11     | Reached skill level 5 in Armour
  9673 | D:11     | Reached skill level 5 in Shields
  9763 | D:11     | Found a shimmering altar of Xom.
  9765 | D:11     | Found a shimmering altar of Xom.
  9765 | D:11     | Found a shimmering altar of Xom.
  9765 | D:11     | Found a shimmering altar of Xom.
  9767 | D:11     | Found a shimmering altar of Xom.
  9767 | D:11     | Found a shimmering altar of Xom.
  9769 | D:11     | Found a shimmering altar of Xom.
  9882 | D:11     | Noticed an eight-headed hydra
  9887 | D:11     | Killed an eight-headed hydra
 10004 | Lair:1   | Entered Level 1 of the Lair of Beasts
 10017 | Lair:1   | Noticed a six-headed hydra
 10033 | Lair:1   | Killed a six-headed hydra
 10067 | Lair:1   | Noticed a death yak
 10073 | Lair:1   | Noticed a death yak
 10081 | D:11     | Killed a death yak
 10085 | Lair:1   | Noticed a death yak
 10090 | Lair:1   | Killed a death yak
 10097 | Lair:1   | Killed a death yak
 10104 | Lair:1   | Reached XP level 13. HP: 97/130 MP: 12/12
 10111 | Lair:1   | Reached skill level 17 in Fighting
 10900 | Lair:2   | Found a staircase to the Shoals.
 11557 | Lair:3   | Lost mutation: You are highly strong-willed. (Will++)
                  | [Jiyva's grace]
 11557 | Lair:3   | Gained mutation: You are highly strong-willed. (Will++)
                  | [Jiyva's grace]
 11557 | Lair:3   | Gained mutation: You are extremely strong-willed. (Will+++)
                  | [Jiyva's grace]
 11557 | Lair:3   | Gained mutation: You expend magic power (3 MP) to
                  | strengthen your wands. [Jiyva's grace]
 11557 | Lair:3   | Gained mutation: Your translucent skin slightly reduces
                  | your foes' accuracy. (Stealth+) [Jiyva's grace]
 11642 | Lair:3   | Noticed Josephine
 11659 | Lair:3   | Killed Josephine
 11721 | Lair:3   | Noticed Snorg
 11735 | Lair:3   | Killed Snorg
 11933 | Lair:3   | Reached skill level 10 in Armour
 11933 | Lair:3   | Reached skill level 10 in Shields
 12151 | Lair:3   | Found a hole to the Spider Nest.
 12160 | Lair:3   | Reached skill level 18 in Fighting
 12406 | Lair:4   | You fall into a shaft and drop 1 floor!
 12406 | Lair:5   | Entered Level 5 of the Lair of Beasts
 12679 | Lair:4   | Reached XP level 14. HP: 131/144 MP: 13/13
 13233 | Lair:5   | Lost mutation: You have a pair of large horns on your head.
                  | [Jiyva's grace]
 13233 | Lair:5   | Lost mutation: You are partially covered in iridescent
                  | scales. (AC +2) [Jiyva's grace]
 13233 | Lair:5   | Lost mutation: You have a small jelly attached to you that
                  | senses nearby items. [Jiyva's grace]
 13233 | Lair:5   | Lost mutation: You expend magic power (3 MP) to strengthen
                  | your wands. [Jiyva's grace]
 13233 | Lair:5   | Gained mutation: You have a pair of large horns on your
                  | head. [Jiyva's grace]
 13233 | Lair:5   | Gained mutation: You are partially covered in iridescent
                  | scales. (AC +2) [Jiyva's grace]
 13233 | Lair:5   | Gained mutation: You are mostly covered in iridescent
                  | scales. (AC +4) [Jiyva's grace]
 13233 | Lair:5   | Gained mutation: You are completely covered in iridescent
                  | scales. (AC +6) [Jiyva's grace]
 13575 | Lair:5   | Found a transporter.
 13578 | Lair:5   | Noticed DrBigBum's ghost (journeyman GrEE)
 13593 | Lair:5   | Found a bloodstained altar of Trog.
 13645 | Lair:5   | Found a transporter.
 13836 | Lair:5   | Found a staircase to the Slime Pits.
 13853 | Lair:5   | Reached skill level 19 in Fighting
 14039 | Lair:5   | Reached skill level 1 in Dodging
 14054 | Lair:5   | Reached skill level 1 in Evocations
 14159 | Lair:5   | Identified the +9 trident of Might {vorpal, *Rage *Slow
                  | rF+++ Dex+8}
 14284 | Lair:5   | Got Lom Lobon's Directory of Outbursts
 14302 | Slime:1  | Entered Level 1 of the Pits of Slime
 14313 | Slime:1  | Noticed an azure jelly
 14326 | Slime:3  | Noticed an azure jelly
 14328 | Slime:3  | Noticed a quicksilver ooze
 14332 | Slime:4  | Noticed a quicksilver ooze
 14332 | Slime:4  | Noticed a quicksilver ooze
 14333 | Slime:4  | Noticed an acid blob
 14336 | Slime:5  | Entered Level 5 of the Pits of Slime
 14354 | Slime:5  | Noticed an azure jelly
 14355 | Slime:5  | Found a viscous altar of Jiyva.
 14356 | Slime:5  | Noticed a rockslime
 14356 | Slime:5  | Noticed an acid blob
 14356 | Slime:5  | Noticed a quicksilver ooze
 14356 | Slime:5  | Noticed an azure jelly
 14356 | Slime:5  | Noticed a quicksilver ooze
 14357 | Slime:5  | Noticed an acid blob
 14358 | Slime:5  | Noticed an acid blob
 14360 | Slime:5  | Noticed a rockslime
 14361 | Slime:5  | Noticed an acid blob
 14361 | Slime:5  | Noticed the Royal Jelly
 14363 | Slime:5  | Noticed a quicksilver ooze
 14366 | Slime:5  | Identified the amulet of Qiem {Faith -Tele Rampage Regen+}
 14370 | Slime:5  | Got a slimy rune of Zot
 14372 | Slime:5  | Got Sif Muna's Folio of Glamour and Beckoning
 14374 | Slime:5  | Identified the +0 leather armour of Otugg {rPois}
 14381 | Slime:5  | Identified the +9 arbalest of Nosesty {elec, rElec rF+
                  | Str+5}
 14393 | Slime:5  | Identified the +1 leather armour "Utheuwniu" {rN+ SInv}
 14395 | Slime:5  | Identified the +4 quarterstaff of Indomitability {venom,
                  | *Slow rPois Int+4 SInv}
 14396 | Slime:5  | Identified the +2 trident "Xiuddovo" {freeze, *Rage rElec
                  | Will++}
 14426 | Slime:4  | Noticed a quicksilver ooze
 14446 | Slime:1  | Noticed a quicksilver ooze
 14689 | D:12     | Noticed Urug
 14697 | D:12     | Killed Urug
 14708 | D:12     | Got Ts'ui Pên's Grimoire of Forking Paths
 14719 | D:12     | Got the Omnibus of Axaxaxas mlö
 14764 | D:12     | Got the Almanac of Dhcmrlchtdj
 15023 | D:12     | Noticed Sonja
 15029 | D:12     | Slimified Sonja
 15029 | D:12     | Noticed Sonja
 15029 | D:12     | Sonja changed into Sonja the slime creature
 15418 | D:13     | Lost mutation: Your flesh is heat resistant. (rF+) [Jiyva's
                  | grace]
 15418 | D:13     | Lost mutation: You are extremely strong-willed. (Will+++)
                  | [Jiyva's grace]
 15418 | D:13     | Lost mutation: You are highly strong-willed. (Will++)
                  | [Jiyva's grace]
 15418 | D:13     | Lost mutation: Your spells are much harder to cast, but
                  | much more powerful. [Jiyva's grace]
 15418 | D:13     | Gained mutation: You have large cloven feet. [Jiyva's
                  | grace]
 15418 | D:13     | Gained mutation: You have hoof-like feet. [Jiyva's grace]
 15418 | D:13     | Gained mutation: You have hooves in place of feet. [Jiyva's
                  | grace]
 15418 | D:13     | Lost mutation: You have hooves in place of feet. [Jiyva's
                  | grace]
 15418 | D:13     | Lost mutation: You have hoof-like feet. [Jiyva's grace]
 15418 | D:13     | Lost mutation: You have large cloven feet. [Jiyva's grace]
 15418 | D:13     | Gained mutation: You have sharp toenails. [Jiyva's grace]
 15491 | D:13     | Found Qiradiso's Assorted Antiques.
 15720 | D:13     | Found a faded altar of an unknown god.
 15723 | D:13     | Found a hazy altar of Hepliaklqana.
 15723 | D:13     | Found a faded altar of an unknown god.
 15863 | D:13     | Noticed Erolcha
 15876 | D:13     | Killed Erolcha
 16307 | D:14     | Found a gate to the Vaults.
 16327 | D:14     | Noticed Agnes
 16329 | D:14     | Slimified Agnes
 16329 | D:14     | Noticed Agnes
 16329 | D:14     | Agnes changed into Agnes the slime creature
 16418 | D:14     | Killed Agnes the slime creature
 16475 | D:14     | Reached XP level 15. HP: 89/152 MP: 14/14
 16708 | D:14     | Found an iron altar of Okawaru.
 16799 | D:14     | Reached skill level 5 in Dodging
 17023 | D:15     | Entered Level 15 of the Dungeon
 17240 | Orc:2    | Bought a kite shield for 157 gold pieces
 17390 | Shoals:1 | Entered Level 1 of the Shoals
 17483 | Shoals:1 | Noticed Frances
 17497 | Shoals:1 | Slimified Frances
 17497 | Shoals:1 | Noticed Frances
 17497 | Shoals:1 | Frances changed into Frances the slime creature
 17510 | Shoals:1 | Reached skill level 20 in Fighting
 17510 | Shoals:1 | Reached skill level 5 in Evocations
 17654 | Shoals:1 | Noticed Donald
 17663 | Shoals:1 | Killed Donald
 17717 | Shoals:1 | Lost mutation: Your translucent skin slightly reduces your
                  | foes' accuracy. (Stealth+) [Jiyva's grace]
 17717 | Shoals:1 | Gained mutation: Your muscles are strong. (Str +4, Int/Dex
                  | -1) [Jiyva's grace]
 17717 | Shoals:1 | Gained mutation: Your muscles are very strong. (Str +8,
                  | Int/Dex -2) [Jiyva's grace]
 17717 | Shoals:1 | Gained mutation: Your flesh is cold resistant. (rC+)
                  | [Jiyva's grace]
 17717 | Shoals:1 | Gained mutation: Your flesh is very cold resistant. (rC++)
                  | [Jiyva's grace]
 17941 | Shoals:1 | Noticed Roxanne
 18422 | Shoals:2 | Identified the +4 chain mail "Usonoj" {Int+2}
 18678 | Shoals:2 | Found Jiafigea's Armour Shop.
 18839 | Shoals:2 | Found Xadeitet's Distillery.
 19467 | Shoals:3 | Reached XP level 16. HP: 160/165 MP: 15/15
 19746 | Shoals:3 | Lost mutation: You are strong-willed. (Will+) [Jiyva's
                  | grace]
 19746 | Shoals:3 | Gained mutation: Your mind is acute. (Int +4, Str/Dex -1)
                  | [Jiyva's grace]
 19746 | Shoals:3 | Gained mutation: Your mind is very acute. (Int +8, Str/Dex
                  | -2) [Jiyva's grace]
 19746 | Shoals:3 | Gained mutation: You have acidic saliva. [Jiyva's grace]
 19746 | Shoals:3 | Gained mutation: Your skin changes colour to match your
                  | surroundings (Stealth+). [Jiyva's grace]
 20018 | Shoals:3 | Noticed Ilsuiw
 20025 | Shoals:3 | Slimified Ilsuiw
 20025 | Shoals:3 | Noticed Ilsuiw
 20025 | Shoals:3 | Ilsuiw changed into Ilsuiw the acid blob
 20290 | Shoals:4 | Entered Level 4 of the Shoals
 20348 | Shoals:4 | Reached skill level 15 in Shields
 20369 | Shoals:4 | Found Obulapneust's Assorted Antiques.
 20465 | Shoals:4 | Identified the +4 falchion "Reuroet" {protect, rElec Str+3
                  | Stlth+}
 20586 | Shoals:4 | Identified the +7 dire flail "Spiderslayer" {holy, Contam
                  | rElec rCorr}
 20634 | Shoals:4 | Reached skill level 21 in Fighting
 20939 | Shoals:4 | Noticed Polyphemus
 20945 | Shoals:4 | Slimified Polyphemus
 20945 | Shoals:4 | Noticed Polyphemus
 20945 | Shoals:4 | Polyphemus changed into Polyphemus the slime creature
 20991 | Shoals:4 | Noticed a kraken
 20999 | Shoals:4 | Killed a kraken
 21289 | Shoals:4 | Identified the +5 ring mail of Cheibriados's Fury {rF+
                  | Will+ Regen+ Str+3}
 21305 | Shoals:4 | Bought a potion of heal wounds for 155 gold pieces
 21305 | Shoals:4 | Bought a scroll of identify for 62 gold pieces
 21589 | Shoals:4 | Got a barnacled rune of Zot
 21925 | Vaults:1 | Entered Level 1 of the Vaults
 22064 | Vaults:1 | Reached skill level 10 in Dodging
 22070 | Vaults:1 | Noticed Saint Roka
 22072 | Vaults:1 | Slimified Saint Roka
 22072 | Vaults:1 | Noticed Saint Roka
 22072 | Vaults:1 | Saint Roka changed into Saint Roka the azure jelly
 22078 | Vaults:1 | Killed Saint Roka the azure jelly
 22261 | Vaults:1 | Reached XP level 17. HP: 165/173 MP: 16/16
 22289 | Vaults:1 | Reached skill level 10 in Evocations
 22702 | Vaults:1 | Lost mutation: Your skin changes colour to match your
                  | surroundings (Stealth+). [Jiyva's grace]
 22702 | Vaults:1 | Lost mutation: Your mind is very acute. (Int +8, Str/Dex
                  | -2) [Jiyva's grace]
 22702 | Vaults:1 | Gained mutation: You passively map a small area around you.
                  | [Jiyva's grace]
 22702 | Vaults:1 | Gained mutation: You passively map the area around you.
                  | [Jiyva's grace]
 22702 | Vaults:1 | Gained mutation: You passively map a large area around you.
                  | [Jiyva's grace]
 22702 | Vaults:1 | Gained mutation: You have hidden genetic potential.
                  | [Jiyva's grace]
 23019 | Vaults:1 | Noticed an acid blob
 23019 | Vaults:1 | an orc warlord changed into an acid blob
 23024 | Vaults:1 | Killed an acid blob
 23029 | Vaults:1 | Reached skill level 22 in Fighting
 23582 | Vaults:2 | Paralysed by an orc sorcerer for 3 turns
 23609 | Vaults:2 | HP: 3/176 [vault warden/+2 vorpal great mace (8)]
 24253 | Vaults:2 | Reached XP level 18. HP: 138/185 MP: 17/17
 24348 | Vaults:2 | Found a staircase to the Crypt.
 24698 | Vaults:2 | Lost mutation: You have sharp toenails. [Jiyva's grace]
 24698 | Vaults:2 | Lost mutation: Your mind is acute. (Int +4, Str/Dex -1)
                  | [Jiyva's grace]
 24698 | Vaults:2 | Lost mutation: Your flesh is very cold resistant. (rC++)
                  | [Jiyva's grace]
 24698 | Vaults:2 | Lost mutation: You passively map a large area around you.
                  | [Jiyva's grace]
 24698 | Vaults:2 | Lost mutation: Your muscles are very strong. (Str +8,
                  | Int/Dex -2) [Jiyva's grace]
 24698 | Vaults:2 | Lost mutation: You have acidic saliva. [Jiyva's grace]
 24698 | Vaults:2 | Lost mutation: You have hidden genetic potential. [Jiyva's
                  | grace]
 24698 | Vaults:2 | Gained mutation: Your flesh is heat resistant. (rF+)
                  | [Jiyva's grace]
 24698 | Vaults:2 | Gained mutation: Your flesh is very heat resistant. (rF++)
                  | [Jiyva's grace]
 24698 | Vaults:2 | Gained mutation: Your flesh is almost immune to the effects
                  | of heat. (rF+++) [Jiyva's grace]
 24698 | Vaults:2 | Gained mutation: Your melee attacks may engulf your foes in
                  | ooze. [Jiyva's grace]
 24922 | Vaults:3 | Noticed a lich
 25080 | Vaults:3 | Slimified a lich
 25080 | Vaults:3 | a lich changed into an azure jelly
 26488 | Spider:1 | Entered Level 1 of the Spider Nest
 26508 | Spider:1 | Reached skill level 23 in Fighting
 26633 | Spider:1 | Lost mutation: You are completely covered in iridescent
                  | scales. (AC +6) [Jiyva's grace]
 26633 | Spider:1 | Lost mutation: You are mostly covered in iridescent scales.
                  | (AC +4) [Jiyva's grace]
 26633 | Spider:1 | Lost mutation: Your flesh is almost immune to the effects
                  | of heat. (rF+++) [Jiyva's grace]
 26633 | Spider:1 | Lost mutation: Your flesh is very heat resistant. (rF++)
                  | [Jiyva's grace]
 26633 | Spider:1 | Gained mutation: Your body has grown eyes which may confuse
                  | attackers. (Acc +3) [Jiyva's grace]
 26633 | Spider:1 | Gained mutation: Your body has grown many eyes which may
                  | confuse attackers. (Acc +5) [Jiyva's grace]
 26633 | Spider:1 | Gained mutation: Your body is covered in eyes which may
                  | confuse attackers. (Acc +7, SInv) [Jiyva's grace]
 26633 | Spider:1 | Gained mutation: Your system is resistant to poisons.
                  | (rPois) [Jiyva's grace]
 26983 | Spider:2 | Found a transporter.
 26995 | Spider:2 | Noticed Zaerenk's ghost (adept MiBe)
 27298 | Spider:2 | You fall into a shaft and drop 1 floor!
 28163 | Spider:2 | Found a transporter.
 28815 | Spider:3 | Reached XP level 19. HP: 195/195 MP: 18/18
 29172 | Spider:4 | Entered Level 4 of the Spider Nest
 29668 | Spider:4 | Lost mutation: Your flesh is heat resistant. (rF+) [Jiyva's
                  | grace]
 29668 | Spider:4 | Lost mutation: Your muscles are strong. (Str +4, Int/Dex
                  | -1) [Jiyva's grace]
 29668 | Spider:4 | Gained mutation: You expend magic power (3 MP) to
                  | strengthen your wands. [Jiyva's grace]
 29668 | Spider:4 | Gained mutation: You are mostly covered in iridescent
                  | scales. (AC +4) [Jiyva's grace]
 29668 | Spider:4 | Gained mutation: You are completely covered in iridescent
                  | scales. (AC +6) [Jiyva's grace]
 29668 | Spider:4 | Gained mutation: Armour fits poorly on your pseudopods.
                  | [Jiyva's grace]
 30301 | Spider:4 | Reached skill level 24 in Fighting
 30351 | Spider:4 | Got a gossamer rune of Zot
 31221 | Vaults:4 | Found Faby's General Store.
 31229 | Vaults:4 | Bought a scroll of teleportation for 48 gold pieces
 31230 | Vaults:4 | Bought a phantom mirror for 640 gold pieces
 31230 | Vaults:4 | Bought a potion of might for 64 gold pieces
 32120 | D:15     | Lost mutation: You are completely covered in iridescent
                  | scales. (AC +6) [Jiyva's grace]
 32120 | D:15     | Lost mutation: You passively map the area around you.
                  | [Jiyva's grace]
 32120 | D:15     | Lost mutation: You passively map a small area around you.
                  | [Jiyva's grace]
 32120 | D:15     | Lost mutation: Your spells are harder to cast, but more
                  | powerful. [Jiyva's grace]
 32120 | D:15     | Lost mutation: Your body is covered in eyes which may
                  | confuse attackers. (Acc +7, SInv) [Jiyva's grace]
 32120 | D:15     | Lost mutation: Your body has grown many eyes which may
                  | confuse attackers. (Acc +5) [Jiyva's grace]
 32120 | D:15     | Lost mutation: Armour fits poorly on your pseudopods.
                  | [Jiyva's grace]
 32120 | D:15     | Lost mutation: You expend magic power (3 MP) to strengthen
                  | your wands. [Jiyva's grace]
 32120 | D:15     | Lost mutation: Your melee attacks may engulf your foes in
                  | ooze. [Jiyva's grace]
 32120 | D:15     | Gained mutation: You possess an exceptional clarity of
                  | mind. [Jiyva's grace]
 32120 | D:15     | Gained mutation: You are agile. (Dex +4, Str/Int -1)
                  | [Jiyva's grace]
 32120 | D:15     | Gained mutation: You are very agile. (Dex +8, Str/Int -2)
                  | [Jiyva's grace]
 32120 | D:15     | Gained mutation: You expend magic power (3 MP) to
                  | strengthen your wands. [Jiyva's grace]
 32258 | D:15     | Found a staircase to the Depths.
 32567 | Depths:1 | Entered Level 1 of the Depths
 32939 | Depths:1 | Noticed Aizul
 32956 | Depths:1 | Killed Aizul
 33068 | Depths:1 | Found an ornate altar of the Wu Jian Council.
 33068 | Depths:1 | Found a gateway to Hell.
 33148 | Depths:1 | Found Mynoejerph's Book Shop.
 33155 | Depths:1 | Found a one-way gate leading to the halls of Pandemonium.
 33181 | Depths:1 | Found Runempas's Antique Weapon Emporium.
 33186 | Depths:1 | Found Tulora's Assorted Antiques.
 33192 | Depths:1 | Bought a coiled ivory amulet for 180 gold pieces
 33192 | Depths:1 | Identified the amulet of Ryovydi {Acrobat +Blink Str+2}
                  | (You bought it in a shop on level 1 of the Depths)
 33192 | Depths:1 | Bought a potion of heal wounds for 180 gold pieces
 33455 | Depths:2 | Reached XP level 20. HP: 205/209 MP: 19/19
 33520 | Depths:2 | Found a broken altar of Ashenzari.
 33806 | Depths:2 | Reached skill level 25 in Fighting
 33866 | Depths:2 | Found an ancient bone altar of Kikubaaqudgha.
 33874 | Depths:2 | Got the Catalogue of Glaciation and the Geologist
 34157 | Depths:2 | Found an ancient bone altar of Kikubaaqudgha.
 34907 | Depths:3 | Found a flickering gateway to a bazaar.
 34937 | Depths:3 | Found a one-way gateway to a ziggurat.
 34954 | Bazaar   | Entered a bazaar
 34954 | Bazaar   | Found Alyumn's Magic Scroll Emporium.
 34954 | Bazaar   | Found Xusir's General Store.
 34972 | Bazaar   | Found Likalloj's Antique Armour Boutique.
 34983 | Bazaar   | Found Odacw's Antique Weapon Shoppe.
 35000 | Bazaar   | Found Ecil's Jewellery Boutique.
 35027 | Bazaar   | Bought a scroll of magic mapping for 97 gold pieces
 35027 | Bazaar   | Bought a scroll of enchant armour for 97 gold pieces
 35027 | Bazaar   | Bought a scroll of summoning for 123 gold pieces
 35027 | Bazaar   | Bought a scroll of fear for 52 gold pieces
 35068 | Depths:3 | Noticed Frederick
 35072 | Depths:3 | Slimified Frederick
 35072 | Depths:3 | Noticed Frederick
 35072 | Depths:3 | Frederick changed into Frederick the azure jelly
 35118 | Depths:3 | Found a one-way gate to the infinite horrors of the Abyss.
 35221 | Depths:3 | Noticed Margery
 35226 | Depths:3 | Noticed Vv
 35423 | Depths:3 | Killed Margery
 35561 | Depths:3 | Killed Vv
 35656 | Depths:3 | Lost mutation: You are very agile. (Dex +8, Str/Int -2)
                  | [Jiyva's grace]
 35656 | Depths:3 | Lost mutation: Your flesh is cold resistant. (rC+) [Jiyva's
                  | grace]
 35656 | Depths:3 | Lost mutation: Your system is resistant to poisons. (rPois)
                  | [Jiyva's grace]
 35656 | Depths:3 | Gained mutation: Your melee attacks may engulf your foes in
                  | ooze. [Jiyva's grace]
 35656 | Depths:3 | Gained mutation: Armour fits poorly on your pseudopods.
                  | [Jiyva's grace]
 35656 | Depths:3 | Gained mutation: Armour fits poorly on your large
                  | pseudopods. [Jiyva's grace]
 35656 | Depths:3 | Gained mutation: Armour fits poorly on your massive
                  | pseudopods. [Jiyva's grace]
 35785 | Depths:3 | Noticed a golden dragon
 35794 | Depths:3 | Killed a golden dragon
 35827 | Depths:3 | Reached skill level 15 in Armour
 36361 | Depths:3 | Noticed a golden dragon
 36377 | Depths:3 | Killed from afar by a shadow dragon

Illustrated notes

Levels and vault maps discovered:
D:1:      dpeg_arrival_leaves_temple_mockup, layout_loops_ring,
          shapermc_ecumenical_altar_petra
D:2:      layout_basic
D:3:      layout_basic, uniq_grinder
D:4:      layout_loops_cross, st_stairs_6, nicolae_shop_firing_range
D:5:      layout_gridville
D:6:      layout_loops_ring, nicolae_overflow_two_pavilions, serial_shops, shop,
          portal_sewer_entry_a, uniq_duvessa, uniq_pikel, uniq_sigmund,
          uniq_menkaure
D:7:      layout_basic, minmay_temple_entry_gardened_gates
D:8:      layout_loops_ring, minmay_pinched_square
D:9:      minmay_evil_eye, layout_rooms, gammafunk_ghost_smash, uniq_gastronok
D:10:     layout_cave_pods, hiddenorc1_lemuel, serial_bayou,
          serial_bayou_pond_e, serial_bayou_shore_a, serial_bayou_pond_d,
          serial_bayou_pond_a
D:11:     layout_rooms, due_lair_maze_entry_diamond, serial_shops,
          nicolae_shop_stone, nicolae_xom_altar_mimics, uniq_lodul
D:12:     layout_basic, bh_hangedman_babel_library, uniq_urug, uniq_sonja
D:13:     layout_cave_pods, serial_shops, shop, chequers_decorated_corner,
          nicolae_hepliaklqana_ecumenical_no_more, uniq_erolcha
D:14:     layout_long_grid, david_vaults_3, hangedman_abyss_or_decor_clamps,
          okawaru_altar_gauntlet_db, uniq_agnes
D:15:     hangedman_depths_entry_civil_slaughter, layout_loops_ring,
          chequers_hall_statues_wall_a
Temple:   mainiacjoe_temple_big_plus
Lair:1:   layout_layer_cave, chequers_serial_rivers_room_b
Lair:2:   layout_roguey, shoals_dummy_entry, serial_bayou_pond_e,
          lemuel_fruit_fields
Lair:3:   layout_cave_pods, spider_nest_entry_funnel_web, uniq_snorg,
          uniq_josephine
Lair:4:   hellmonk_ruined_rings, layout_small_grid, grunt_megastairs_4
Lair:5:   hangedman_lair_in_review, layout_gridlike,
          minmay_slime_entry_jelly_boxes, gammafunk_ghost_wrathful_warriors
Shoals:1: layout_shoals, nicolae_shoals_cliffside_cave,
          nicolae_shoals_water_booths, uniq_donald, uniq_frances, uniq_roxanne
Shoals:2: layout_shoals, serial_shops, shop, nicolae_shop_trees,
          nicolae_shoals_pincushion_passage
Shoals:3: layout_shoals, uniq_ilsuiw
Shoals:4: shoals_end_hangedman, layout_shoals, serial_shops,
          nicolae_shop_overgrown_old_shop, uniq_polyphemus
Spider:1: layout_spider_delve
Spider:2: layout_spider_delve, gammafunk_ghost_mausoleum,
          nicolae_spider_claw_tunnel
Spider:3: layout_spider_delve
Spider:4: grunt_spider_rune_parallel, spiders_nest_hornet_nest
Slime:1:  layout_caves
Slime:2:  layout_caves
Slime:3:  layout_caves
Slime:4:  layout_caves
Slime:5
Orc:1:    layout_caves, serial_shops, shop, uniq_maurice, uniq_nergalle
Orc:2:    grunt_orc_cross, layout_caves
Vaults:1: v_alt_pattern_3, v_pattern_5, vaults_room_octagon,
          nicolae_vaults_triangles, nicolae_vaults_windows_and_doors_thing,
          v_misc_30, ontoclasm_vaults_spin, st_more_cells, vaults_room_boxed,
          nicolae_vaults_little_ls, layout_vaults_omnibox, uniq_saint_roka
Vaults:2: nicolae_vaults_network_periphery, minmay_crypt_entry_simple_plaza,
          hangedman_vaults_corner_blocks, nicolae_vaults_hallways_thing,
          v_misc_29, ontoclasm_vaults_pinch, nicolae_vaults_little_squares_6,
          hangedman_vaults_maws, nicolae_vaults_border_crossing,
          nicolae_vaults_angled_halls, vaults_dpeg_hooks,
          ontoclasm_vaults_fault, grunt_vaults_hallway_short,
          layout_vaults_big_room
Vaults:3: v_pattern_2, v_misc_9, ontoclasm_vaults_hangar, vaults_room_fours,
          vaults_room_grid, nicolae_vaults_what_the_h, layout_vaults_quadrants
Vaults:4: v_misc_19, nicolae_vaults_circle_grid_b, v_misc_28,
          ontoclasm_vaults_ligature, vaults_room_octagon, v_rooms_4,
          v_alt_pattern_4, nicolae_vaults_three_branches, vaults_room_pools,
          v_misc_8, nicolae_vaults_twisting_passages, v_misc_18,
          nicolae_vaults_theta, v_misc_16, layout_vaults_maze_bifur,
          serial_shops, nicolae_shop_advertising_works
          [nicolae_subvault_shop_adworks]
Depths:1: layout_twisted_cross, rand_demon_pan_entry_5,
          nicolae_wu_jian_wuxing_cycle, serial_shops, shop_fountains,
          nicolae_shop_behind_doors, shop, hell_entry, nicolae_eternal_life,
          lightli_minifort, uniq_aizul
Depths:2: lemuel_vampire_tower, layout_honeycomb, kiku_gazebo_garden_becter,
          hell_entry, rand_demon_pan_entry_9, nicolae_ashenzari_panopticon
Depths:3: minmay_the_grid_triangle_9x9_recursive_3_mashed
          [minmay_the_grid_triangle_9x9_pentomino_pain,
          minmay_the_grid_triangle_9x9_minimal,
          minmay_the_grid_triangle_9x9_longest,
          minmay_the_grid_triangle_9x9_prize_special,
          minmay_the_grid_triangle_9x9_from_above,
          minmay_the_grid_triangle_9x9_empty,
          minmay_the_grid_triangle_9x9_checkered,
          minmay_the_grid_triangle_9x9_steps,
          minmay_the_grid_triangle_9x9_corruption], layout_long_grid,
          enter_ziggurat_a, rand_demon_pan_entry_4, serial_bayou_pond_d,
          abyss_entry, serial_shops, bzr_in_the_mist, hell_entry,
          uniq_frederick, uniq_vv, uniq_margery

Skill      XL: |  1  2  3  4  5  6  7  8  9 10 11 12 13 14 15 16 17 18 19 20 |
---------------+-------------------------------------------------------------+-----
Axes           | 3 6 7 10 11 14 16 18 | 18.0
Fighting       | 4 5 6 7 9 10 12 14 16 18 19 20 21 22 23 24 25 | 25.7
Armour         | 7 10 12 13 15 | 15.3
Shields        | 7 10 12 14 15 17 20 21 | 21.7
Dodging        | 4 7 10 12 13 | 13.0
Evocations     | 3 6 9 12 13 | 13.7

Action                   |  1- 3 |  4- 6 |  7- 9 | 10-12 | 13-15 | 16-18 | 19-21 || total
-------------------------+-------+-------+-------+-------+-------+-------+-------++-------
Melee: War axe           |    65 |    83 |   162 |       |       |       |       ||   310
       Headbutt          |     4 |    15 |    43 |   108 |   199 |   333 |   347 ||  1049
       Broad axe         |       |       |    52 |   540 |   873 |  1269 |  1066 ||  3800
       Morningstar       |       |       |       |     8 |    33 |       |     6 ||    47
       Bite              |       |       |       |       |       |   109 |       ||   109
       Pseudopods        |       |       |       |       |       |       |   117 ||   117
Invok: Slimify           |       |       |       |     1 |     3 |     5 |     2 ||    11
       Oozemancy         |       |       |       |       |     3 |       |       ||     3
Evoke: Wand              |       |       |       |     2 |       |       |       ||     2
       Phantom mirror    |       |       |       |       |       |       |     1 ||     1
       Tin of tremorston |       |       |       |       |       |       |     1 ||     1
  Use: Scroll            |       |       |     4 |     3 |    11 |    13 |     3 ||    34
       Potion            |       |       |     1 |     2 |     2 |     7 |     1 ||    13
 Stab: Petrified         |       |       |       |       |     3 |       |       ||     3
       Confused          |       |       |       |       |       |    12 |    25 ||    37
       Distracted        |       |       |       |       |       |       |     1 ||     1
Armor: Scale mail        |    34 |    34 |    96 |    50 |       |       |       ||   214
       Plate armour      |       |       |       |    66 |       |       |       ||    66
       Chain mail        |       |       |       |   155 |   484 |       |       ||   639
       Crystal plate arm |       |       |       |       |   117 |   586 |   292 ||   995
       Storm dragon scal |       |       |       |       |       |       |    43 ||    43
Dodge: Dodged            |    42 |    27 |    67 |   160 |   371 |   435 |   338 ||  1440
Block: Buckler           |    16 |    14 |    30 |    97 |   159 |       |       ||   316
       Kite shield       |       |       |       |       |   135 |   702 |   499 ||  1336
       Tower shield      |       |       |       |       |       |       |   254 ||   254
